 Dungeon Crawl Stone Soup version 0.30-a0-377-g5cb311bc9f (webtiles) character file.

Game seed: 2768139475641737036

210 Angani the Magician (level 5, -4/38 HPs)
             Began as a Draconian Hedge Wizard on Nov 30, 2022.
             Slain by an iguana (10 damage)
             ... on level 4 of the Dungeon.
             The game lasted 00:04:09 (2539 turns).

Angani the Magician (Draconian Hedge Wizard)        Turns: 2539, Time: 00:04:09

Health: -4/38      AC:  6    Str: 11 (12) XL:     5   Next: 57%
Magic:  5/11       EV: 11    Int: 14 (16) God:
Gold:   142        SH:  0    Dex:  8 (11) Spells: 11/12 levels left

rFire   . . .      SeeInvis .    f - staff of air
rCold   + . .      Faith    .    (no shield)
rNeg    . . .      Spirit   .    (body armour unavailable)
rPois   .          Reflect  .    b - +0 hat
rElec   +          Harm     .    (no cloak)
rCorr   .          Rampage  .    r - +0 pair of gloves
Will    .....                    (no boots)
Stlth   +.........               (no amulet)
HPRegen 0.26/turn                a - ring of protection from cold
MPRegen 0.12/turn                (no ring)

@: brilliant
A: AC +5, unfitting armour, cold-blooded
a: no special abilities


You were on level 4 of the Dungeon.
You visited 1 branch of the dungeon, and saw 4 of its levels.

You collected 142 gold pieces.

Inventory:

Armour
 b - a +0 hat (worn)
 d - a +2 kite shield of cold resistance
 r - a +0 pair of gloves (worn)
Magical Staves
 f - a staff of air (weapon)
Jewellery
 a - a ring of protection from cold (left hand)
Scrolls
 g - 2 scrolls of vulnerability {unknown}
 h - 2 scrolls of amnesia {unknown}
 i - a scroll of magic mapping {unknown}
 k - 2 scrolls of teleportation {unknown}
 l - a scroll of fog {unknown}
 o - 3 scrolls of identify {unknown}
 q - a scroll of blinking {unknown}
Potions
 c - a potion of magic
 e - a potion of brilliance
 m - a potion of berserk rage {unknown}
 n - a potion of lignification {unknown}
 p - a potion of curing {unknown}
 s - a potion of mutation {unknown}
 t - a potion of flight {unknown}


   Skills:
 - Level 1.7 Dodging
 - Level 1.7 Stealth
 + Level 2.9 Shields
 + Level 4.2 Spellcasting
 + Level 3.2 Conjurations
 - Level 1.0 Summonings
 - Level 1.0 Translocations


You had 11 spell levels left.
You knew the following spells:

 Your Spells              Type           Power      Damage    Failure   Level
a - Magic Dart            Conj           72%        1d6       4%          1

Your spell library contained the following spells:

 Spells                   Type           Power      Damage    Failure   Level
 Momentum Strike          Conj/Tloc      26%        3d8       12%         2
 Slow                     Hex            16%        N/A       19%         1
 Blink                    Tloc           16%        N/A       19%         2
 Call Imp                 Summ           8%         N/A       19%         2
 Cigotuvi's Dreadful Rot  Necr/Pois/Air  12%        N/A       28%         2
 Lesser Beckoning         Tloc           16%        N/A       36%         3
 Mephitic Cloud           Conj/Pois/Air  13%        N/A       36%         3


Dungeon Overview and Level Annotations

Branches:
Dungeon (4/15)
 Temple: D:4-7

Altars:


Innate Abilities, Weirdness & Mutations

Your plain brown scales are hard. (AC +5)
You cannot fit into any form of body armour.
You are cold-blooded and may be slowed by cold attacks.


Message History

The phantom is heavily damaged.
The phantom hits you.
The phantom blinks!
You blink.
Aiming: Magic Dart (safe; 5% risk of failure)
Press: ? - help, Q - select action Shift-Dir - straight line, f/p - phantom
Aim: a phantom (heavily damaged, 100% to hit)
The magic dart hits the phantom.
The phantom is severely damaged.
The phantom hits you but does no damage.
Aiming: Magic Dart (safe; 5% risk of failure)
Press: ? - help, Q - select action Shift-Dir - straight line, f/p - phantom
Aim: a phantom (severely damaged, 100% to hit)
The magic dart hits the phantom.
The phantom is almost destroyed.
The phantom hits you.
The phantom blinks!
You blink.
Found a scroll labelled JAS SEEJUMN.
Aiming: Magic Dart (safe; 5% risk of failure)
Press: ? - help, Q - select action Shift-Dir - straight line, f/p - phantom
Aim: a phantom (almost destroyed, 100% to hit)
The magic dart hits the phantom but does no damage.
The phantom is almost destroyed.
The phantom hits you.
* * * LOW HITPOINT WARNING * * *
Aiming: Magic Dart (safe; 5% risk of failure)
Press: ? - help, Q - select action Shift-Dir - straight line, f/p - phantom
Aim: a phantom (almost destroyed, 100% to hit)
The magic dart hits the phantom.
You destroy the phantom!
The iguana bites you.
* * * LOW HITPOINT WARNING * * *
Your Spellcasting skill increases to level 4!
Your Conjurations skill increases to level 3!
Unknown command.
It was a potion of brilliance.
You feel clever all of a sudden. The iguana closely misses you.
It was a potion of degeneration.
There was something very wrong with that liquid.
You feel weakened.
You feel dopey.
You feel clumsy. The iguana bites you!
You die...

######### #.......#
#.......# #.......#
#.#####+#.......#
#.....l@........#
##..w...........+
................#####
.....................
?..$##...............
....
#.......<##...... ...
#...###### ...... ..
#...# ..^..# #...#
.....#


You could see a worm and an iguana.

Vanquished Creatures
  A phantom (D:4)
  An orc priest (D:2)
  A gnoll (D:3)
  5 adders
  A dart slug (D:2)
  2 orcs
  3 ball pythons
  A bat (D:1)
  4 endoplasms
  A giant cockroach (D:3)
  6 hobgoblins
  4 quokkas
  3 frilled lizards
  5 goblins
  7 kobolds
  9 rats
54 creatures vanquished.

Notes
Turn   | Place    | Note
-------+----------+-------------------------------------------
     0 | D:1      | Angani the Draconian Hedge Wizard began the quest for the
                  | Orb.
     0 | D:1      | Reached XP level 1. HP: 14/14 MP: 4/4
   211 | D:1      | Reached XP level 2. HP: 20/20 MP: 0/6
   440 | D:1      | Reached skill level 1 in Shields
   869 | D:2      | Reached XP level 3. HP: 26/26 MP: 5/7
  1883 | D:3      | Reached XP level 4. HP: 33/33 MP: 3/9
  2442 | D:3      | Reached XP level 5. HP: 38/38 MP: 1/10
  2515 | D:4      | Noticed a phantom
  2537 | D:4      | Killed a phantom
  2538 | D:4      | Reached skill level 4 in Spellcasting
  2539 | D:4      | Slain by an iguana

Illustrated notes

Levels and vault maps discovered:
D:1:      scummos_arrival_hexagon, layout_rooms, minivault_11
D:2:      minmay_spotlight, layout_basic
D:3:      layout_rooms, mainiacjoe_overflow_alcove_1, serial_shops,
          shop_fountains, uniq_ijyb
D:4:      layout_basic, mainiacjoe_overflow_concentric_impassable,
          mainiacjoe_overflow_alcove_2, minmay_temple_entry_purple_smoke

Skill      XL: |  1  2  3  4  5 |
---------------+----------------+-----
Shields        | 1 2 |  2.9
Conjurations   | 2 3 |  3.2
Spellcasting   | 4 |  4.2
Dodging        | |  1.7
Stealth        | |  1.7
Summonings     | |  1.0
Translocations | |  1.0

Action                   |  1- 3 |  4- 6 || total
-------------------------+-------+-------++-------
Melee: Staff             |    52 |    25 ||    77
       Tailslap          |     3 |     2 ||     5
 Cast: Magic Dart        |    74 |    73 ||   147
  Use: Potion            |       |     3 ||     3
Armor: Skin              |    24 |    13 ||    37
Dodge: Dodged            |    56 |    36 ||    92

Table legend: (Time is in decaauts)
 A = Elapsed time spent in this place.
 B = Non-inter-level travel time spent in this place.
 C = Inter-level travel time spent in this place.
 D = Time resting spent in this place.
 E = Time spent auto-exploring this place.
 F = Levels seen in this place.
 G = Mean time per level.
                   A        B        C        D        E       F      G
               +--------+--------+--------+--------+--------+-----+--------+
         Total |   2555 |   2493 |     62 |    586 |   1477 |   4 |  638.8 |
       Dungeon |   2555 |   2493 |     62 |    586 |   1477 |   4 |  638.8 |
               +--------+--------+--------+--------+--------+-----+--------+

Top non-repeatable levels by time:
     D:2: 1290 daAuts
     D:1: 684 daAuts
     D:3: 486 daAuts
     D:4: 95 daAuts
